 Dungeon Crawl Stone Soup version 0.27-a0-909-g0721f309d1 (webtiles) character file.

Game seed: 5541210370012577015

24366 robertstho the Thaumaturge (level 12, -2/64 HPs)
             Began as a Deep Elf Ice Elementalist on Apr 8, 2021.
             Was an Elder of Sif Muna.
             Slain by a death yak (20 damage)
             ... on level 3 of the Lair of Beasts.
             The game lasted 00:35:45 (18853 turns).

robertstho the Thaumaturge (DEIE)                  Turns: 18853, Time: 00:35:45

Health: -2/64      AC:  7    Str:  5    XL:     12   Next: 80%
Magic:  0/32       EV: 23    Int: 26    God:    Sif Muna [****..]
Gold:   907        SH:  5    Dex: 15    Spells: 19/40 levels left

rFire    . . .     SeeInvis .   L - +8 mithril axe "Arga" {speed, Will+}
rCold    . . .     Faith    .   (no shield)
rNeg     . . .     Spirit   .   F - +0 steam dragon scales
rPois    .         Reflect  +   d - +0 helmet
rElec    .         Harm     .   t - +0 cloak
rCorr    .         Rampage  .   (no gloves)
Will     ++...                  (no boots)
Stlth    +++.......             a - amulet of reflection
HPRegen  0.20/turn              i - +4 ring of evasion
MPRegen  0.23/turn              k - +4 ring of evasion

@: freezing walls
A: no striking features
a: Renounce Religion, Channel Magic, Forget Spell, Divine Exegesis


You were on level 3 of the Lair of Beasts.
You worshipped Sif Muna.
Sif Muna was greatly pleased with you.
You visited 3 branches of the dungeon, and saw 15 of its levels.

You collected 995 gold pieces.
You spent 88 gold pieces at shops.

Inventory:

Hand Weapons
 h - a +2 dagger of venom
 D - a +1 flail of draining
 L - the +8 mithril axe "Arga" (weapon) {speed, Will+}
   (You found it on level 10 of the Dungeon)

   Attacks with this weapon are significantly faster.
   It increases your willpower.
Missiles
 e - 2 throwing nets
Armour
 d - a +0 helmet (worn)
 t - a +0 cloak (worn)
 u - a +1 robe of resistance
 F - +0 steam dragon scales (worn)
Jewellery
 a - an amulet of reflection (around neck)
 i - a +4 ring of evasion (left hand)
 k - a +4 ring of evasion (right hand)
 v - a ring of positive energy
 A - a ring of flight
 E - an amulet of the acrobat
 G - an amulet of regeneration
Wands
 o - a wand of acid (18)
 C - a wand of paralysis (11)
 K - a wand of iceblast (15)
 M - a wand of flame (25)
 Q - a wand of polymorph (12)
Scrolls
 c - a scroll of silence
 g - a scroll of vulnerability {unknown}
 j - 8 scrolls of teleportation
 n - 2 scrolls of brand weapon
 x - 2 scrolls of noise {unknown}
 y - 4 scrolls of enchant weapon {unknown}
 B - 2 scrolls of fog {unknown}
 H - a scroll of summoning {unknown}
 I - a scroll of fear {unknown}
 J - 3 scrolls of enchant armour {unknown}
 P - a scroll of identify
Potions
 b - 2 potions of flight
 f - a potion of haste
 l - 2 potions of berserk rage {unknown}
 m - 2 potions of lignification {unknown}
 p - 3 potions of ambrosia {unknown}
 q - 4 potions of magic
 r - 3 potions of resistance
 s - 4 potions of curing
 w - a potion of invisibility
 z - 3 potions of might
 N - a potion of attraction
 R - a potion of brilliance {unknown}
Miscellaneous
 O - a tin of tremorstones (2/2)


   Skills:
 + Level 2.9 Fighting
 + Level 5.1 Short Blades
 + Level 1.2 Axes
 + Level 6.1 Dodging
 + Level 6.3 Stealth
 + Level 2.8 Shields
 + Level 0.1 Unarmed Combat
 * Level 14.9 Spellcasting
 + Level 2.8 Conjurations
 + Level 5.2 Summonings
 * Level 13.6 Ice Magic
 * Level 8.1 Invocations
 + Level 0.2 Evocations


You had 19 spell levels left.
You knew the following spells:

 Your Spells              Type           Power      Damage    Failure   Level
a - Freeze                Ice            100%       1d11      0%          1
b - Frozen Ramparts       Ice            100%       1d12      1%          3
c - Ozocubu's Armour      Ice            74%        N/A       1%          3
d - Hailstorm             Conj/Ice       58%        3d13      1%          4
e - Summon Ice Beast      Ice/Summ       62%        N/A       1%          4
f - Swiftness             Air            19%        N/A       4%          2
g - Summon Lightning Spi  Summ/Air       32%        N/A       10%         4

Your spell library contained the following spells:

 Spells                   Type           Power      Damage    Failure   Level
 Foxfire                  Conj/Fire      100%       2x1d9     1%          1
 Shock                    Conj/Air       100%       1d9       1%          1
 Summon Small Mammal      Summ           100%       N/A       1%          1
 Call Imp                 Summ           46%        N/A       1%          2
 Call Canine Familiar     Summ           46%        N/A       1%          3
 Animate Skeleton         Necr           38%        N/A       2%          1
 Pain                     Necr           76%        1d7       2%          1
 Summon Guardian Golem    Hex/Summ       32%        N/A       3%          3
 Conjure Flame            Conj/Fire      26%        6-21      4%          3
 Static Discharge         Conj/Air       26%        N/A       4%          3
 Metabolic Englaciation   Hex/Ice        26%        N/A       4%          5
 Confusing Touch          Hex            19%        N/A       9%          3
 Gell's Gravitas          Tloc           9%         N/A       9%          3
 Inner Flame              Hex/Fire       19%        N/A       9%          3
 Vampiric Draining        Necr           9%         2d7       9%          3
 Sticky Flame             Conj/Fire      26%        2d5       16%         4
 Airstrike                Air            9%         N/A       26%         4
 Animate Dead             Necr           9%         N/A       28%         4
 Cause Fear               Hex            9%         N/A       28%         4
 Petrify                  Tmut/Erth      19%        N/A       28%         4
 Fireball                 Conj/Fire      13%        3d7       41%         5
 Lightning Bolt           Conj/Air       13%        1d26      41%         5
 Agony                    Necr           19%        N/A       61%         5
 Silence                  Hex/Air        9%         N/A       61%         5
 Yara's Violent Unravell  Hex/Tmut       9%         3d6       61%         5
 Discord                  Hex            9%         N/A       100%        8


Dungeon Overview and Level Annotations

Branches:
Dungeon (11/15)            Temple (1/1) D:5            Lair (3/6) D:10
 Shoals (0/4) Lair:2       Spider (0/4) Lair:2
    Orc: D:9-12

Altars:
Ashenzari
Cheibriados
Dithmenos
Elyvilon
Fedhas
Gozag
Hepliaklqana
Kikubaaqudgha
Makhleb
Nemelex Xobeh
Okawaru
Qazlal
Ru
Sif Muna
Trog
Uskayaw
Vehumet
Wu Jian
Xom
Yredelemnul
Zin
The Shining One

Shops:
D:3 [

Annotations:
D:10 3 runed translucent doors


Message History

The wall freezes the death yak!
The death yak closely misses you.
Your ice beast hits the death yak but does no damage.
You hit the death yak.
The death yak is moderately wounded.
The wall freezes the death yak.
The death yak closely misses your ice beast.
Your ice beast hits the death yak but does no damage.
The wall freezes the death yak.
The death yak closely misses you.
Your ice beast hits the death yak but does no damage.
You hit the death yak.
The death yak is heavily wounded.
The wall freezes the death yak!
The death yak barely misses your ice beast.
Your ice beast hits the death yak but does no damage.
The wall freezes the death yak!
The death yak gores you!
Your ice beast hits the death yak.
Your ice beast freezes the death yak!
You barely miss the death yak.
The death yak is almost dead.
The wall freezes the death yak!
The death yak barely misses your ice beast.
Your ice beast hits the death yak.
Your ice beast freezes the death yak!
The death yak dies!
Sif Muna accepts your kill.
Your ice beast hits the death yak but does no damage.
The wall freezes the death yak!
Your ice beast barely misses the death yak.
Your ice beast hits the death yak but does no damage.
The wall freezes the death yak!
The death yak gores you!
* * * LOW HITPOINT WARNING * * *
Unknown command.
Casting: Frozen Ramparts (safe; 1% risk of failure)
Confirm with . or Enter, or press ? or * to list all spells.
Aiming: Freeze (safe; 0% risk of failure)
Press: ? - help, Shift-Dir - straight line, f - death yak
Aim: a death yak (heavily wounded, ally target)
You freeze the death yak.
The death yak is heavily wounded.
Your ice beast hits the death yak but does no damage. x2
The wall freezes the death yak!
The death yak gores you!!
You die...

##..........##......#.##.###....
...#....##........#...##....
...........'........... .
..PP......####..##...† .#
.##.......#.####..... ..
#......P..##.##.... . #.
##..................
....#.#YY.................
........Y@................
#..######...###.###...#..# ###.#
### ######## ### #. ## #


You could see a death yak (ally target) and 2 friendly ice beasts.

Vanquished Creatures
  A hydra (D:11)
  3 two-headed ogres
  Pikel (D:6)
  3 black mambas
  A merfolk siren (Lair:2)
  A gargoyle (D:11)
  A cane toad (Lair:3)
  An unseen horror (D:10)
  4 komodo dragons
  2 rime drakes (Lair:3)
  2 jumping spiders (Lair:2)
  A merfolk (Lair:2)
  A troll (D:10)
  Prince Ribbit (D:5)
  A polar bear (Lair:3)
  A hornet (D:9)
  A meliai zombie (D:10)
  3 blink frogs (Lair:2)
  A vampire (D:10)
  17 yaks
  A wyvern (Lair:3)
  A basilisk (Lair:2)
  Grum (D:11)
  4 steam dragons
  4 water moccasins
  An acid dragon (D:6)
  2 orc warriors
  2 ice beasts (D:6)
  2 sky beasts
  6 ogres
  A necrophage (D:6)
  11 wolves
  2 centaurs
  A lemure (D:6)
  A phantom (D:5)
  2 bullfrogs
  2 gnoll sergeants
  3 scorpions
  A wyvern skeleton (D:6)
  A water moccasin skeleton (D:6)
  6 killer bees
  2 wights
  3 electric eels (D:10)
  3 howler monkeys (D:7)
  6 centaur zombies
  2 bullfrog zombies (D:6)
  2 jellies
  4 orc priests
  3 hounds
  7 iguanas
  6 orc wizards
  5 gnolls (D:5)
  2 river rats (D:4)
  4 adders
  3 white imps
  2 adder skeletons
  A worm (D:4)
  2 dart slugs
  24 orcs
  10 ball pythons
  6 bats
  4 endoplasms
  4 giant cockroaches
  7 goblins
  8 hobgoblins
  2 quokkas
  A frilled lizard (D:3)
  6 kobolds
  5 rats
  A spectral orc (D:3)
237 creatures vanquished.

Vanquished Creatures (collateral kills)
  A catoblepas (D:10)
  A boulder beetle (D:9)
  3 hydras
  2 death yaks (Lair:3)
  A rime drake (Lair:3)
  2 cane toads
  A komodo dragon (Lair:2)
  A troll (D:10)
  5 jumping spiders (Lair:2)
  5 blink frogs
  A wyvern (D:11)
  11 yaks
  A basilisk (Lair:2)
  A steam dragon (D:7)
  7 water moccasins
  3 orc warriors
  A black bear (Lair:3)
  An ice beast (D:8)
  A necrophage (D:6)
  4 wolves
  4 bullfrogs
  2 killer bees (D:8)
  3 wights (D:8)
  2 electric eels
  A centaur zombie (D:9)
  3 hounds
  2 orc wizards
  7 orcs
77 creatures vanquished.

Vanquished Creatures (others)
  7 fungi
  46 plants
53 creatures vanquished.

Grand Total: 367 creatures vanquished

Notes
Turn   | Place    | Note
-------+----------+-------------------------------------------
     0 | D:1      | robertstho the Deep Elf Ice Elementalist began the quest
                  | for the Orb.
     0 | D:1      | Reached XP level 1. HP: 10/10 MP: 6/6
   210 | D:1      | Reached XP level 2. HP: 15/15 MP: 2/8
   410 | D:1      | Reached skill level 5 in Ice Magic
  1336 | D:2      | Reached XP level 3. HP: 19/19 MP: 9/9
  1337 | D:2      | Found a burning altar of Makhleb.
  1744 | D:2      | Reached XP level 4. HP: 6/24 MP: 11/11
  2117 | D:2      | Found a faded altar of an unknown god.
  2552 | D:3      | You fall into a shaft and drop 2 floors!
  2552 | D:5      | Entered Level 5 of the Dungeon
  2553 | D:5      | Noticed a sky beast
  2578 | D:5      | Killed a sky beast
  2579 | D:5      | Reached skill level 1 in Short Blades
  2579 | D:5      | Reached skill level 4 in Spellcasting
  2579 | D:5      | Reached XP level 5. HP: 6/28 MP: 7/13
  2638 | D:5      | Learned a level 3 spell: Frozen Ramparts
  2642 | D:5      | Learned a level 3 spell: Ozocubu's Armour
  2647 | D:5      | Learned a level 4 spell: Hailstorm
  2819 | D:5      | Noticed a phantom
  2889 | D:5      | Reached XP level 6. HP: 19/33 MP: 11/14
  3073 | D:5      | Reached skill level 5 in Spellcasting
  3145 | D:5      | Reached XP level 7. HP: 37/37 MP: 13/17
  3217 | D:5      | Noticed an angel
  3218 | D:5      | Found a glowing silver altar of Zin.
  3219 | D:5      | Found a shimmering altar of Xom.
  3269 | D:5      | Reached skill level 6 in Spellcasting
  3446 | D:5      | Noticed Prince Ribbit
  3451 | D:5      | Killed Prince Ribbit
  3592 | D:5      | Found a staircase to the Ecumenical Temple.
  3599 | Temple   | Entered the Ecumenical Temple
  3627 | Temple   | Became a worshipper of Sif Muna the Loreminder
  3891 | D:4      | Reached skill level 7 in Spellcasting
  3919 | D:4      | Reached XP level 8. HP: 42/42 MP: 16/21
  4122 | D:4      | Noticed a two-headed ogre
  4276 | D:3      | Found Geok's Antique Armour Shop.
  4722 | D:3      | Bought a runed robe for 88 gold pieces
  4788 | D:3      | Found a basalt altar of Yredelemnul.
  5146 | D:4      | Killed a two-headed ogre
  5147 | D:4      | Reached skill level 1 in Fighting
  5147 | D:4      | Reached skill level 8 in Spellcasting
  5193 | D:4      | Found a glowing golden altar of the Shining One.
  5193 | D:4      | Found a hide-covered altar of Uskayaw.
  5193 | D:4      | Found a sparkling altar of Nemelex Xobeh.
  5193 | D:4      | Found a burning altar of Makhleb.
  5195 | D:4      | Found a shadowy altar of Dithmenos.
  5195 | D:4      | Found a stormy altar of Qazlal.
  6014 | D:5      | Learned a level 4 spell: Summon Ice Beast
  6256 | D:6      | Reached XP level 9. HP: 41/48 MP: 16/23
  6271 | D:6      | Reached skill level 1 in Shields
  6417 | D:6      | Reached skill level 5 in Stealth
  6471 | D:6      | Reached skill level 9 in Spellcasting
  6515 | D:6      | Reached * piety under Sif Muna
  6570 | D:6      | Noticed Pikel
  6576 | D:6      | Killed Pikel
  6577 | D:6      | Reached skill level 5 in Dodging
  7107 | D:6      | Reached skill level 10 in Spellcasting
  7367 | D:6      | Reached XP level 10. HP: 41/53 MP: 4/26
  7957 | D:7      | Reached skill level 1 in Conjurations
  8752 | D:8      | Reached skill level 10 in Ice Magic
  8758 | D:8      | Reached skill level 1 in Summonings
  8772 | D:8      | Identified the +1 robe of the Pleiades {Dex+4}
  8792 | D:8      | Reached ** piety under Sif Muna
  8977 | D:8      | Reached skill level 11 in Spellcasting
 10025 | D:9      | Reached skill level 5 in Invocations
 10219 | D:9      | Noticed a boulder beetle
 10263 | D:9      | Killed a boulder beetle
 10835 | D:10     | Entered Level 10 of the Dungeon
 10881 | D:10     | Reached skill level 12 in Spellcasting
 10881 | D:10     | Reached XP level 11. HP: 57/57 MP: 8/29
 11356 | D:10     | Reached skill level 5 in Short Blades
 11739 | D:10     | Noticed a two-headed ogre
 11753 | D:10     | Killed a two-headed ogre
 11928 | D:10     | Found the +8 mithril axe "Arga" {speed, Will+}
 11946 | D:10     | Found a staircase to the Lair.
 12646 | D:10     | Found a runed translucent gate.
 12646 | D:10     | Found a runed translucent gate.
 12646 | D:10     | Found a runed translucent gate.
 12646 | D:10     | Noticed a red ugly thing
 12647 | D:10     | Noticed a red ugly thing
 12647 | D:10     | Noticed a glowing orange brain
 12647 | D:10     | Noticed a purple ugly thing
 12648 | D:10     | Noticed a white very ugly thing
 12648 | D:10     | Noticed a brown ugly thing
 13034 | D:11     | Noticed Grum
 13041 | D:11     | Killed Grum
 13506 | D:11     | Noticed a two-headed ogre
 13506 | D:11     | Noticed a six-headed hydra
 13514 | D:11     | Killed a two-headed ogre
 13515 | D:11     | Reached skill level 13 in Spellcasting
 13518 | D:11     | Noticed a catoblepas
 13519 | D:11     | Killed a six-headed hydra
 13719 | D:10     | Killed a catoblepas
 14219 | Lair:1   | Entered Level 1 of the Lair of Beasts
 14354 | Lair:1   | Learned a level 2 spell: Swiftness
 14359 | Lair:1   | Learned a level 4 spell: Summon Lightning Spire
 14501 | Lair:1   | Noticed a five-headed hydra
 14514 | Lair:1   | Killed a five-headed hydra
 15108 | Lair:2   | Reached *** piety under Sif Muna
 15406 | Lair:2   | Reached XP level 12. HP: 63/63 MP: 10/31
 15606 | Lair:2   | Found a staircase to the Shoals.
 16031 | Lair:2   | Reached skill level 14 in Spellcasting
 16262 | Lair:2   | Noticed a five-headed hydra
 16267 | Lair:2   | Killed a five-headed hydra
 16424 | Lair:2   | Reached skill level 1 in Axes
 16648 | Lair:2   | Noticed a seven-headed hydra
 16657 | Lair:2   | Killed a seven-headed hydra
 16668 | Lair:2   | Found a hole to the Spider Nest.
 17776 | Lair:3   | Reached skill level 5 in Summonings
 18673 | Lair:3   | Reached **** piety under Sif Muna
 18832 | Lair:3   | Noticed a death yak
 18833 | Lair:3   | Noticed a death yak
 18833 | Lair:3   | Noticed a death yak
 18846 | Lair:3   | Killed a death yak
 18851 | Lair:3   | Killed a death yak
 18853 | Lair:3   | Slain by a death yak

Illustrated notes

Levels and vault maps discovered:
D:1:      dpeg_arrival_subterranean_lakeside_camping, layout_basic,
          minmay_pentomino_s2
D:2:      layout_rooms, basic_altar, shapermc_ecumenical_altar_hornbeckon,
          corner_web_ring
D:3:      layout_basic, yredelemnul_forgotten_temple_becter, serial_shops,
          nicolae_shop_statue_plus, hex_intersection
D:4:      layout_basic, grunt_temple_overflow_open,
          cheibrodos_sewer_entry_sluice, nrook_mini_backslash,
          serial_bayou_pond_e
D:5:      layout_loops_cross, grunt_temple_overflow_order_and_chaos_1,
          minmay_temple_entry_wispy, uniq_prince_ribbit1
D:6:      wad_guarded_room, layout_basic, uniq_pikel
D:7:      kennysheep_spiral_hall, layout_rooms
D:8:      layout_cave_pools
D:9:      layout_loops_ring
D:10:     layout_basic, david_lair_shrubbed,
          ploomutoo_gammafunk_ghost_potion_laboratory, st_stairs_7
D:11:     layout_roguey, hiddenorc1_lemuel, serial_shops, shop,
          minmay_pinched_square, uniq_grum
Temple:   cyrus_circular_temple
Lair:1:   layout_roguey, serial_bayou_lagoon_a, infiniplex_staircase_pool
Lair:2:   layout_cave_pods, elwin_shoals_entry_rooms,
          nicolae_spider_entry_tight_spaces, hibernation_bobbens
Lair:3:   layout_regular_city, minivault_27, kennysheep_basilisk_garden

Skill      XL: |  1  2  3  4  5  6  7  8  9 10 11 12 |
---------------+-------------------------------------+-----
Ice Magic      | 5 6 7 8 9 11 12 13 | 13.6
Stealth        | 3 4 5 6 |  6.3
Short Blades   | 1 2 3 4 5 |  5.1
Dodging        | 3 4 5 6 |  6.1
Spellcasting   | 4 5 7 8 10 12 13 14 | 14.9
Fighting       | 1 2 |  2.9
Invocations    | 2 4 5 6 8 |  8.1
Shields        | 2 |  2.8
Conjurations   | 1 2 |  2.8
Summonings     | 2 3 5 |  5.2
Axes           | 1 |  1.2
Unarmed Combat | |  0.1
Evocations     | |  0.2

Action                   |  1- 3 |  4- 6 |  7- 9 | 10-12 || total
-------------------------+-------+-------+-------+-------++-------
Melee: Unarmed           |     9 |       |       |       ||     9
       Dagger            |    53 |    81 |   233 |   137 ||   504
       Broad axe         |       |       |       |    42 ||    42
 Cast: Freeze            |    21 |     8 |     5 |     2 ||    36
       Frozen Ramparts   |       |     5 |    17 |    13 ||    35
       Ozocubu's Armour  |       |     1 |     3 |       ||     4
       Hailstorm         |       |       |    24 |   124 ||   148
       Summon Ice Beast  |       |       |     7 |   159 ||   166
       Summon Lightning  |       |       |       |     4 ||     4
Invok: Channel Magic     |       |       |     2 |     8 ||    10
Evoke: Wand              |       |       |     3 |       ||     3
  Use: Scroll            |       |       |     5 |     7 ||    12
       Potion            |       |       |       |     5 ||     5
 Stab: Sleeping          |     4 |     1 |     7 |       ||    12
       Distracted        |     1 |       |     1 |     5 ||     7
Armor: Robe              |    14 |    17 |    32 |     9 ||    72
       Steam dragon scal |       |       |       |    48 ||    48
Dodge: Dodged            |    47 |    88 |   157 |   250 ||   542
Block: Other             |       |       |    35 |    47 ||    82

Table legend: (Time is in decaauts)
 A = Elapsed time spent in this place.
 B = Non-inter-level travel time spent in this place.
 C = Inter-level travel time spent in this place.
 D = Time resting spent in this place.
 E = Time spent auto-exploring this place.
 F = Levels seen in this place.
 G = Mean time per level.
                   A        B        C        D        E       F      G
               +--------+--------+--------+--------+--------+-----+--------+
         Total |  18831 |  18172 |    659 |    879 |  14840 |  15 | 1255.4 |
       Dungeon |  14125 |  13548 |    577 |    879 |  10722 |  11 | 1284.1 |
        Temple |     43 |     28 |     15 |      0 |     16 |   1 |   43.0 |
          Lair |   4662 |   4596 |     66 |      0 |   4101 |   3 | 1554.0 |
               +--------+--------+--------+--------+--------+-----+--------+

Top non-repeatable levels by time:
    D:10: 2861 daAuts
  Lair:2: 2498 daAuts
     D:6: 1704 daAuts
     D:5: 1541 daAuts
     D:1: 1332 daAuts
     D:3: 1281 daAuts
  Lair:3: 1275 daAuts
     D:4: 1137 daAuts
     D:9: 1086 daAuts
     D:8: 992 daAuts
  Lair:1: 887 daAuts
     D:2: 874 daAuts
     D:7: 790 daAuts
    D:11: 523 daAuts
  Temple: 43 daAuts
